 Dungeon Sprint DCSS version 0.19.0-9-gfd783f2 (webtiles) character file.

37 equalderp2856 the Scratcher (level 3, -4/18 HPs)
             Began as a Felid Fighter on Nov 7, 2016.
             Slain by a spriggan
             ... wielding a +0 dagger
              (12 damage)
             ... in the Dungeon (Sprint IV: "Fedhas' Mad Dash").
             The game lasted 00:02:16 (667 turns).

equalderp2856 the Scratcher (Felid Fighter)          Turns: 667, Time: 00:02:16

Health: -4/18      AC:  1    Str: 13    XL:     3   Next: 23%
Magic:  4/4        EV: 21    Int:  9    God:
Gold:   58         SH:  0    Dex: 15    Spells: 0 memorised, 2 levels left
                                        Lives:  0   Deaths: 1

rFire  . . .     SeeInvis +       - Unarmed
rCold  . . .     Gourm    .     (armour unavailable)
rNeg   . . .     Faith    .     (shield unavailable)
rPois  .         Spirit   .     (helmet unavailable)
rElec  .         Reflect  .     (cloak unavailable)
rCorr  .         Harm     .     (gloves unavailable)
MR     .....     NoTele   +     (boots unavailable)
Stlth  ++........               i - amulet of invisibility {+Inv}
                                (no ring)
                                (no ring)

@: quick
A: no armour, no weapons or thrown items, stealth, claws 1, fangs 3, see
invisible, carnivore 3, speed 1, shaggy fur 1, slow metabolism 1, sharp paws
a: Evoke Invisibility


You were in the Dungeon.
You were not hungry.

You visited 1 branch You collected 58 gold pieces.

Inventory:

Hand Weapons
 k - a +0 hunting sling
Missiles
 j - 24 sling bullets
Jewellery
 i - the amulet of invisibility (around neck) {+Inv}
   (You found it in the Dungeon)

   [amulet of nothing]

   It lets you turn invisible.
Scrolls
 h - a scroll of blinking
Potions
 a - a potion of might
 c - a potion of curing
 d - a potion of heal wounds
 e - a potion of haste
 f - 2 potions of magic
 g - a potion of berserk rage
Comestibles
 b - a meat ration


   Skills:
 + Level 4.6 Fighting
 + Level 6.5 Dodging
 + Level 1.5 Stealth
 + Level 7.5 Unarmed Combat


You had 2 spell levels left.
You didn't know any spells.

Dungeon Overview and Level Annotations

Branches:
Dungeon (1/1)

Altars:
Cheibriados
Gozag
Hepliaklqana
Makhleb
Nemelex Xobeh
Ru
Sif Muna
Trog
Xom
Yredelemnul
Beogh
Jiyva

Annotations:
D exclusion: oklob sapling


Innate Abilities, Weirdness & Mutations

You cannot wear armour.
You are incapable of wielding weapons or throwing items.
Your paws allow you to move quietly. (Stealth)
You have sharp claws.
You have razor-sharp teeth.
You have supernaturally acute eyesight. (SInv)
You are carnivorous and can eat meat at any time.
You cover ground quickly.
You are covered in fur. (AC +1)
You have a slow metabolism.
Your sharp claws are effective at attacking unaware monsters.


Message History

You are lethally poisoned!
The killer bee poisons you!
You are now level 3!
You rejoin the land of the living...
A spriggan and a spriggan rider come into view.
The spriggan rider is wielding the +8 storm bow {elec}.
The spriggan shouts!
The spriggan hits you with a dagger!
Ouch! That really hurt!
You scratch the spriggan.
The spriggan is lightly wounded.
The spriggan hits you with a dagger. The spriggan blocks your attack.
The spriggan is lightly wounded.
The spriggan completely misses you. The spriggan blocks your attack.
The spriggan is lightly wounded.
The spriggan hits you with a dagger!
Ouch! That really hurt!
You die...

♣......yy+†..#.⌠._._.
y....♣...y.#y..########
... ♣..♣..###### +
#+#####
################
...............#
......i@.....P.#
............iP...
.............P...
###+#############


You could see a spriggan rider (sleeping) and a spriggan.

Vanquished Creatures
  2 oklob saplings (D)
  A worker ant (D)
  A river rat (D)
  A rat (D)
5 creatures vanquished.

Notes
Turn   | Place    | Note
-------+----------+-------------------------------------------
     0 | D        | equalderp2856 the Felid Fighter began the quest for the Orb.
     0 | D        | Reached XP level 1. HP: 10/10 MP: 2/2
    15 | D        | Reached skill level 5 in Unarmed Combat
    15 | D        | Reached XP level 2. HP: 6/14 MP: 3/3
   222 | D        | Noticed an oklob sapling
   224 | D        | Killed an oklob sapling
   224 | D        | Reached skill level 5 in Dodging
   224 | D        | Reached skill level 6 in Unarmed Combat
   224 | D        | Reached XP level 3. HP: 18/18 MP: 4/4
   234 | D        | Reached skill level 1 in Stealth
   592 | D        | Noticed an oklob sapling
   596 | D        | Killed an oklob sapling
   596 | D        | Reached skill level 7 in Unarmed Combat
   596 | D        | Reached XP level 4. HP: 22/22 MP: 5/5
   609 | D        | Noticed a queen bee
   623 | D        | Found an opulent altar of Gozag.
   623 | D        | Found a hazy altar of Hepliaklqana.
   623 | D        | Found a burning altar of Makhleb.
   623 | D        | Found a roughly hewn altar of Beogh.
   623 | D        | Found a sparkling altar of Nemelex Xobeh.
   623 | D        | Found a snail-covered altar of Cheibriados.
   623 | D        | Found a sacrificial altar of Ru.
   623 | D        | Found a deep blue altar of Sif Muna.
   623 | D        | Found a shimmering altar of Xom.
   623 | D        | Found a basalt altar of Yredelemnul.
   624 | D        | Found a viscous altar of Jiyva.
   624 | D        | Found a bloodstained altar of Trog.
   662 | D        | Slain by a killer bee
   663 | D        | Reached XP level 3. HP: -3/18 MP: 4/4
   663 | D        | Noticed a spriggan
   663 | D        | Noticed a spriggan rider
   667 | D        | Slain by a spriggan

Skill      XL: |  1  2  3 |
---------------+----------+-----
Unarmed Combat | 5 6 7 |  7.5
Dodging        | 5 6 |  6.5
Fighting       | 4 |  4.6
Stealth        | 1 |  1.5

Action                   |  1- 3 |  4- 6 || total
-------------------------+-------+-------++-------
Melee: Unarmed           |    18 |     9 ||    27
       Bite              |     1 |     1 ||     2
 Stab: Sleeping          |     2 |       ||     2
Dodge: Dodged            |     7 |    12 ||    19
